 Dungeon Crawl Stone Soup version 0.15.0-27-gbdb0435 (webtiles) character file.

156 DrPain the Covert (level 5, -5/25 HPs)
             Began as a Spriggan Assassin on Sept 12, 2014.
             Was a Follower of Dithmenos.
             Slain by an ogre
             ... wielding a +0 giant club
              (30 damage)
             ... on Level 4 of the Dungeon.
             The game lasted 00:08:44 (2944 turns).

DrPain the Covert (Spriggan Assassin)               Turns: 2944, Time: 00:08:44

HP  -5/25        AC  4     Str  7      XL: 5   Next: 15%
MP  10/10        EV 20     Int 12      God: Dithmenos [*.....]
Gold 202         SH  0     Dex 19      Spells:  0 memorised,  4 levels left

rFire  . . .     SeeInvis +     w - +3 dagger
rCold  . . .     Clarity  .     c - +0 robe
rNeg   . . .     rCorr    .     (shield restricted)
rPois  .         rRot     .     (helmet restricted)
rElec  .         Spirit   .     d - +1 cloak
SustAb +         Warding  .     (gloves unavailable)
rMut   .         Stasis   .     (boots unavailable)
Gourm  .                        (no amulet)
MR     .....                    q - ring of sustain abilities
                                (no ring)

@: wreathed by umbra, very quick, not resistant to hostile enchantments, very
stealthy
A: unfitting armour, see invisible, herbivore 3, speed 3, slow metabolism 2
a: Renounce Religion


You were on level 4 of the Dungeon.
You worshipped Dithmenos.
Dithmenos was aware of your devotion.
You were not hungry.

You visited 1 branch of the dungeon, and saw 4 of its levels.

You collected 202 gold pieces.

Inventory:

Hand weapons
 f - a +0 blowgun
 r - a +2 dagger of venom
 w - a +3 dagger (weapon)
Missiles
 b - 2 curare-tipped needles
 e - 7 poisoned needles
Armour
 c - a +0 robe (worn)
 d - a +1 cloak (worn)
Comestibles
 k - 2 bread rations
 l - a slice of pizza
Scrolls
 i - 2 scrolls of teleportation
 m - a scroll of enchant weapon
 n - 3 scrolls of random uselessness
Jewellery
 q - a ring of sustain abilities (right hand)
Potions
 a - a potion of beneficial mutation {unknown}
 g - a potion of porridge
 h - a potion of curing
 j - a potion of haste {unknown}
 o - 2 potions of poison {unknown}
 p - a potion of lignification {unknown}


   Skills:
 - Level 1.5 Fighting
 + Level 2.1 Short Blades
 - Level 2.1 Throwing
 - Level 4.0 Dodging
 - Level 9.0 Stealth


You had 4 spell levels left.
You didn't know any spells.

Dungeon Overview and Level Annotations

Branches:
Dungeon (4/15)
 Temple: D:4-7

Altars:
Dithmenos
Nemelex Xobeh
The Shining One


Innate Abilities, Weirdness & Mutations

You are tiny and cannot use many weapons and most armour.
You have supernaturally acute eyesight.
You are a herbivore.
You cover ground extremely quickly.
You need consume almost no food.


Message History

You climb downwards.
An ogre comes into view. It is wielding a giant club.
There is a stone staircase leading up here.
Unknown command.
You hit the ogre.
The ogre is lightly wounded.
The ogre completely misses you.
You closely miss the ogre.
The ogre is lightly wounded.
The ogre closely misses you.
You barely miss the ogre. You barely miss the ogre. The ogre misses you.
You hit the ogre but do no damage. The ogre misses you.
You hit the ogre.
The ogre is lightly wounded.
You hit the ogre.
The ogre is lightly wounded.
The ogre hits you with a giant club!!
Ouch! That really hurt!
You die... ## .. .# .# .# .# ##########.# .......O@<.# ############

You could see an ogre.

Vanquished Creatures
  2 orc wizards (D:3)
  An adder (D:3)
  A gnoll (D:1)
  2 worms (D:2)
  A giant gecko (D:1)
  4 orcs (D:3)
  A ball python (D:2)
  6 giant cockroaches
  10 goblins
  6 hobgoblins
  7 jackals
  8 kobolds
  4 bats
  5 giant newts
  4 quokkas
  8 rats
70 creatures vanquished.

Notes
Turn   | Place    | Note
--------------------------------------------------------------
     0 | D:1      | DrPain, the Spriggan Assassin, began the quest for the Orb.
     0 | D:1      | Reached XP level 1. HP: 10/10 MP: 2/2
    67 | D:1      | Reached skill level 6 in Stealth
   266 | D:1      | Found a sparkling altar of Nemelex Xobeh.
   346 | D:1      | Reached XP level 2. HP: 5/14 MP: 4/4
   514 | D:1      | Reached skill level 7 in Stealth
   745 | D:1      | Reached XP level 3. HP: 16/18 MP: 6/6
  1051 | D:2      | Found a shadowy altar of Dithmenos.
  1056 | D:2      | Became a worshipper of Dithmenos the Shadowed
  1749 | D:2      | Reached XP level 4. HP: 22/22 MP: 8/8
  2074 | D:3      | Found a glowing golden altar of the Shining One.
  2226 | D:3      | Reached skill level 8 in Stealth
  2248 | D:3      | Reached XP level 5. HP: 14/25 MP: 10/10
  2789 | D:3      | Reached skill level 9 in Stealth
  2936 | D:4      | Noticed an ogre
  2944 | D:4      | Slain by an ogre

Action                   |  1- 3 |  4- 6 || total
-------------------------+-------+-------++-------
Melee: Dagger            |    96 |    84 ||   180
 Fire: Blowgun           |    19 |     1 ||    20
  Use: Scroll            |     6 |     1 ||     7
 Stab: Sleeping          |    10 |     6 ||    16
       Distracted        |     1 |       ||     1
